 Dungeon Crawl Stone Soup version 0.31-a0-182-gc5ef74bbde (webtiles) character file.

Game seed: 5473295474834319033

977 qw the Chopper (level 8, 0/49 HPs)
             Began as a Gargoyle Fighter on June 21, 2023.
             Slain by a water moccasin (4 damage)
             ... on level 5 of the Dungeon.
             The game lasted 00:02:33 (4388 turns).

qw the Chopper (Gargoyle Fighter)                   Turns: 4388, Time: 00:02:33

Health: 0/49       AC: 14    Str: 26    XL:     8   Next: 17%
Magic:  0/8        EV: 10    Int: 11    God:
Gold:   168        SH:  4    Dex:  7    Spells: 7/7 levels left

rFire   . . .        Y - +1 war axe
rCold   . . .        c - +0 buckler
rNeg    + . .        b - +0 scale mail
rPois   inf          h - +0 helmet
rElec   +            (no cloak)
rCorr   .            l - +0 pair of gloves
SInv    .            (no boots)
Will    .....        a - amulet of guardian spirit Stlth
                     (no ring)
HPRegen 0.28/turn    (no ring)
MPRegen 0.11/turn

%: guardian spirit
@: marked
A: sickness immunity, AC +5, negative energy resistance 1, electricity
resistance, torment resistance 1, petrification resistance, clever 1, strong 1,
evolution 1
a: no special abilities


You were on level 5 of the Dungeon.
You visited 1 branch of the dungeon, and saw 5 of its levels.

You collected 168 gold pieces.


Innate Abilities, Weirdness & Mutations

You are immune to sickness and miasma.
Your stone body is resilient. (AC +5)
You are immune to poison.
You resist negative energy. (rN+)
You are resistant to electric shocks. (rElec)
You are resistant to unholy torment.
You are immune to petrification.
Your mind is acute. (Int +4, Str/Dex -1)
Your muscles are strong. (Str +4, Int/Dex -1)
You have hidden genetic potential.


   Skills:
 - Level 5.0 Fighting
 + Level 7.6 Axes
 - Level 1.1 Throwing
 - Level 3.2 Armour
 - Level 1.0 Dodging
 - Level 3.2 Shields


You had 7 spell levels left.
You didn't know any spells.
Your spell library was empty.

Inventory:

Hand Weapons
 o - a +1 flail of protection
 Y - a +1 war axe (weapon)
Missiles
 q - 3 boomerangs (quivered)
Armour
 b - a +0 scale mail (worn)
 c - a +0 buckler (worn)
 e - a +0 leather armour of fire resistance
 h - a +0 helmet (worn)
 l - a +0 pair of gloves (worn)
Jewellery
 a - an amulet of guardian spirit (around neck)
 n - the ring of Beogh's Envy {rPois rF- Will- Dex+6 Stlth+}
   (You found it on level 3 of the Dungeon)

   [ring of dexterity]

   Dex:       It affects your dexterity (+6).
   rF:        It makes you vulnerable to fire.
   rPois:     It protects you from poison.
   Will:      It decreases your willpower.
   Stlth:     It makes you more stealthy.
Scrolls
 p - a scroll of identify
Potions
 d - 2 potions of might
 g - a potion of lignification {unknown}
 j - a potion of curing
 k - a potion of cancellation {unknown}
 m - a potion of mutation
 s - a potion of invisibility {unknown}

Dungeon Overview and Level Annotations

Branches:
Dungeon (5/15)
 Temple: D:4-7

Altars:
Hepliaklqana
Ru


Message History

The water moccasin bites you but does no damage.
The gnoll sergeant hits you with a +0 spear.
The white imp gestures at you. The puff of frost hits you!
The water moccasin bites you but does no damage.
You miss the water moccasin.
The water moccasin is lightly wounded.
You barely miss the gnoll sergeant. You block the gnoll sergeant's attack.
The water moccasin barely misses you.
You barely miss the water moccasin.
The water moccasin is lightly wounded.
You closely miss the white imp. The gnoll sergeant blocks your attack.
The water moccasin bites you. You block the gnoll sergeant's attack.
The white imp closely misses you. The water moccasin barely misses you.
The gnoll sergeant hits you but does no damage.
The white imp gestures at you. The puff of frost hits you!
You barely miss the water moccasin.
The water moccasin is lightly wounded.
You slash the white imp! You hit the gnoll sergeant.
The water moccasin bites you. You block the gnoll sergeant's attack.
The water moccasin closely misses you. The white imp gestures at you.
The puff of frost hits you but does no damage.
You hit the white imp.
You kill the white imp!
The gnoll sergeant blocks your attack.
You hit the water moccasin. The water moccasin bites you.
The gnoll sergeant hits you with a +0 spear.
You barely miss the water moccasin.
The water moccasin is moderately wounded.
The gnoll sergeant blocks your attack. The water moccasin bites you!
You block the gnoll sergeant's attack. The water moccasin barely misses you.
You hit the water moccasin.
The water moccasin is moderately wounded.
You hit the gnoll sergeant but do no damage.
The water moccasin barely misses you. You block the gnoll sergeant's attack.
The water moccasin bites you.
You die...

##.#..###..# #.####.....P~~~.~~~
#..#....#..# ##.# #..8........).
#....##....###..# #.....P~~~.~~~
#..####.>......#####.7.7.##~~.~~#
#..###..##...### #.#....####~.~##
#......##....### #.#######.#P.P#
#.#####...##...###.........##.##
#.# ##..####.#.g....#..#.####g.#
..###..## #.##S@..#..#.)####..##
#.#...## ##....#..#.##.)......))
..#.### #..####.>.....)#...####
....# #..............#.### ....#
.............##5#.###.# ....#
####...........##.#.....#
....###...g..........<##<.).##...
...###....##..........###....# .
...[##....................##...#


You could see a water moccasin and a gnoll sergeant.

Vanquished Creatures
  A centaur (D:5)
  A phantom (D:4)
  4 scorpions
  3 hounds
  3 orc priests
  Ijyb (D:5)
  2 iguanas (D:5)
  4 orc wizards
  4 gnolls (D:5)
  5 adders
  2 white imps (D:5)
  An ufetubus (D:4)
  2 worms
  3 dart slugs
  13 orcs
  9 ball pythons
  11 endoplasms
  4 giant cockroaches
  6 goblins
  9 hobgoblins
  7 kobolds
  3 quokkas
  11 bats
  5 frilled lizards
  7 rats
121 creatures vanquished.

Notes
Turn   | Place    | Note
-------+----------+-------------------------------------------
     0 | D:1      | qw the Gargoyle Fighter began the quest for the Orb.
     0 | D:1      | Reached XP level 1. HP: 14/14 MP: 1/1
     0 | D:1      | 0 ||| qw: Version: 0.3-a-9-g12657ce
     0 | D:1      | 0 ||| qw: Game counter: 1538
     0 | D:1      | 0 ||| qw: Always use a shield: true
     0 | D:1      | 0 ||| qw: God list: Okawaru
     0 | D:1      | 0 ||| qw: Allow faded altars: false
     0 | D:1      | 0 ||| qw: Do Orc after D:15 true
     0 | D:1      | 0 ||| qw: Do second Lair branch before Depths: true
     0 | D:1      | 0 ||| qw: Lair rune preference: random
     0 | D:1      | 0 ||| qw: Plans: Normal, Zot:1-4, Slime:5, God:TSO, Crypt,
                  | Tomb, Abyss, Pan, Hells, Win
     0 | D:1      | 0 ||| PLANNING D:1-11
     9 | D:1      | Noticed a centaur
    16 | D:1      | 16 ||| Stepping ~*~*~tactically~*~*~ (stealth).
    22 | D:1      | 22 ||| Stepping ~*~*~tactically~*~*~ (stealth).
    27 | D:1      | 27 ||| Stepping ~*~*~tactically~*~*~ (stealth).
    28 | D:1      | 28 ||| Stepping ~*~*~tactically~*~*~ (stealth).
    37 | D:1      | Reached skill level 2 in Axes
    61 | D:1      | 61 ||| Stepping ~*~*~tactically~*~*~ (hiding).
   172 | D:1      | Reached XP level 2. HP: 19/19 MP: 2/2
   394 | D:1      | Found a faded altar of an unknown god.
   474 | D:1      | Reached skill level 3 in Axes
   533 | D:1      | Reached XP level 3. HP: 23/23 MP: 3/3
   993 | D:1      | 993 ||| READING scroll labelled REIZXO NOSM.
   994 | D:1      | 994 ||| READING scroll labelled AKLAACV AKAW.
   995 | D:1      | 995 ||| READING scroll labelled TEAL XAREZIF.
   996 | D:1      | 996 ||| READING scroll labelled LUUCIU KAOX.
   997 | D:1      | 997 ||| READING scroll labelled QODYDE UJOEWKE.
  1068 | D:2      | 1068 ||| Stepping ~*~*~tactically~*~*~ (hiding).
  1075 | D:2      | 1075 ||| Stepping ~*~*~tactically~*~*~ (stealth).
  1088 | D:2      | 1088 ||| DROPPING +0 club.
  1151 | D:2      | 1151 ||| Stepping ~*~*~tactically~*~*~ (stealth).
  1386 | D:2      | Reached XP level 4. HP: 28/28 MP: 4/4
  1422 | D:2      | 1422 ||| Stepping ~*~*~tactically~*~*~ (stealth).
  1423 | D:2      | 1423 ||| Stepping ~*~*~tactically~*~*~ (stealth).
  1424 | D:2      | 1424 ||| Stepping ~*~*~tactically~*~*~ (stealth).
  1462 | D:2      | You fall into a shaft and drop 1 floor!
  1462 | D:3      | Found a sacrificial altar of Ru.
  1474 | D:3      | 1474 ||| Stepping ~*~*~tactically~*~*~ (hiding).
  1603 | D:3      | 1603 ||| UPGRADING to +0 helmet.
  1608 | D:3      | 1608 ||| UPGRADING to amulet of guardian spirit.
  1613 | D:3      | 1613 ||| DRINKING 2 pink potions.
  1614 | D:3      | 1614 ||| DROPPING potion of brilliance.
  1727 | D:2      | 1727 ||| UPGRADING to +0 pair of gloves.
  1816 | D:3      | Reached skill level 4 in Axes
  1859 | D:3      | Identified the ring of Beogh's Envy {rPois rF- Will- Dex+6
                  | Stlth+}
  1860 | D:3      | 1860 ||| Stepping ~*~*~tactically~*~*~ (stealth).
  1861 | D:3      | 1861 ||| Stepping ~*~*~tactically~*~*~ (stealth).
  1863 | D:3      | 1863 ||| Stepping ~*~*~tactically~*~*~ (hiding).
  1866 | D:3      | 1866 ||| Stepping ~*~*~tactically~*~*~ (hiding).
  2016 | D:3      | 2016 ||| DROPPING +0 whip.
  2648 | D:4      | 2648 ||| Stepping ~*~*~tactically~*~*~ (hiding).
  2650 | D:4      | 2650 ||| Stepping ~*~*~tactically~*~*~ (hiding).
  2680 | D:4      | Reached XP level 5. HP: 32/32 MP: 5/5
  2747 | D:4      | 2747 ||| Stepping ~*~*~tactically~*~*~ (hiding).
  2748 | D:4      | 2748 ||| Stepping ~*~*~tactically~*~*~ (hiding).
  2763 | D:4      | 2763 ||| Stepping ~*~*~tactically~*~*~ (stealth).
  2764 | D:4      | 2764 ||| Stepping ~*~*~tactically~*~*~ (stealth).
  2771 | D:4      | Reached skill level 5 in Axes
  2795 | D:4      | Reached XP level 6. HP: 34/39 MP: 6/6
  2846 | D:4      | Identified the +8 rapier of Revolt {flame, rPois Int+2}
  3031 | D:4      | Found a hazy altar of Hepliaklqana.
  3104 | D:4      | Reached skill level 1 in Dodging
  3183 | D:4      | 3183 ||| Stepping ~*~*~tactically~*~*~ (stealth).
  3210 | D:4      | Reached skill level 6 in Axes
  3210 | D:4      | Reached XP level 7. HP: 33/44 MP: 7/7
  3264 | D:4      | 3264 ||| Stepping ~*~*~tactically~*~*~ (stealth).
  3357 | D:4      | 3357 ||| Stepping ~*~*~tactically~*~*~ (hiding).
  3408 | D:5      | Entered Level 5 of the Dungeon
  3411 | D:5      | 3411 ||| Stepping ~*~*~tactically~*~*~ (hiding).
  3413 | D:5      | 3413 ||| Stepping ~*~*~tactically~*~*~ (hiding).
  3525 | D:5      | 3525 ||| Stepping ~*~*~tactically~*~*~ (hiding).
  3526 | D:5      | 3526 ||| Stepping ~*~*~tactically~*~*~ (hiding).
  3637 | D:5      | Reached skill level 7 in Axes
  3753 | D:5      | 3753 ||| FLEEEEING.
  3754 | D:5      | 3754 ||| FLEEEEING.
  3755 | D:5      | 3755 ||| FLEEEEING.
  3756 | D:5      | 3756 ||| FLEEEEING.
  3757 | D:5      | 3757 ||| FLEEEEING.
  3758 | D:5      | 3758 ||| FLEEEEING.
  3759 | D:5      | 3759 ||| FLEEEEING.
  3760 | D:5      | 3760 ||| FLEEEEING.
  3761 | D:5      | 3761 ||| FLEEEEING.
  3762 | D:5      | 3762 ||| FLEEEEING.
  3763 | D:5      | 3763 ||| FLEEEEING.
  3768 | D:5      | 3768 ||| Stepping ~*~*~tactically~*~*~ (hiding).
  3870 | D:5      | 3870 ||| Stepping ~*~*~tactically~*~*~ (hiding).
  3874 | D:5      | Reached skill level 1 in Throwing
  3889 | D:5      | Reached XP level 8. HP: 16/49 MP: 3/8
  3892 | D:5      | HP: 10/49 [gnoll sergeant/+0 spear (6)]
  3893 | D:5      | 3893 ||| READING 3 scrolls of teleportation.
  4100 | D:5      | Noticed Ijyb
  4111 | D:5      | HP: 12/49 [Ijyb/+1 dagger of distortion (2)]
  4112 | D:5      | 4112 ||| READING 2 scrolls of teleportation.
  4180 | D:5      | HP: 8/49 [gnoll sergeant/+0 spear (6)]
  4181 | D:5      | 4181 ||| READING scroll of teleportation.
  4205 | D:5      | 4205 ||| FLEEEEING.
  4206 | D:5      | 4206 ||| FLEEEEING.
  4207 | D:5      | 4207 ||| FLEEEEING.
  4210 | D:5      | 4210 ||| FLEEEEING.
  4211 | D:5      | 4211 ||| FLEEEEING.
  4212 | D:5      | 4212 ||| FLEEEEING.
  4213 | D:5      | 4213 ||| FLEEEEING.
  4214 | D:5      | 4214 ||| FLEEEEING.
  4215 | D:5      | 4215 ||| STAIRDANCE
  4338 | D:4      | 4338 ||| READING scroll labelled USINWA KISUNN.
  4339 | D:4      | 4339 ||| READING scroll labelled OKKEONLESAM.
  4340 | D:4      | 4340 ||| READING scroll labelled PICLUE JYIDUI.
  4341 | D:4      | 4341 ||| DRINKING 2 yellow potions.
  4342 | D:4      | 4342 ||| DRINKING 2 cyan potions.
  4342 | D:4      | Gained mutation: You have hidden genetic potential. [potion
                  | of mutation]
  4342 | D:4      | Gained mutation: Your muscles are strong. (Str +4, Int/Dex
                  | -1) [potion of mutation]
  4342 | D:4      | Gained mutation: Your mind is acute. (Int +4, Str/Dex -1)
                  | [potion of mutation]
  4343 | D:4      | 4343 ||| READING 2 scrolls of identify.
  4343 | D:4      | 4343 ||| IDENTIFYING grey potion
  4344 | D:4      | 4344 ||| DROPPING potion of degeneration.
  4357 | D:5      | 4357 ||| FLEEEEING.
  4358 | D:5      | 4358 ||| FLEEEEING.
  4359 | D:5      | 4359 ||| FLEEEEING.
  4360 | D:5      | 4360 ||| FLEEEEING.
  4361 | D:5      | 4361 ||| FLEEEEING.
  4362 | D:5      | 4362 ||| FLEEEEING.
  4363 | D:5      | 4363 ||| FLEEEEING.
  4364 | D:5      | 4364 ||| FLEEEEING.
  4365 | D:5      | 4365 ||| FLEEEEING.
  4366 | D:5      | 4366 ||| FLEEEEING.
  4367 | D:5      | 4367 ||| FLEEEEING.
  4368 | D:5      | 4368 ||| FLEEEEING.
  4369 | D:5      | 4369 ||| FLEEEEING.
  4370 | D:5      | 4370 ||| FLEEEEING.
  4371 | D:5      | 4371 ||| FLEEEEING.
  4372 | D:5      | 4372 ||| FLEEEEING.
  4373 | D:5      | 4373 ||| FLEEEEING.
  4374 | D:5      | 4374 ||| FLEEEEING.
  4375 | D:5      | 4375 ||| FLEEEEING.
  4376 | D:5      | 4376 ||| Stepping ~*~*~tactically~*~*~ (hiding).
  4378 | D:5      | Killed Ijyb
  4386 | D:5      | HP: 12/49 [water moccasin (1)]
  4387 | D:5      | HP: 4/49 [water moccasin (6)]
  4388 | D:5      | Slain by a water moccasin

Levels and vault maps discovered:
D:1:      evilmike_arrival_come_back, layout_basic,
          dreamdust_ecumenical_altar_hidden_monk_grotto, minivault_24
D:2:      layout_basic, chequers_serial_rivers_room_b
D:3:      layout_basic, nicolae_ru_path_of_blood
D:4:      layout_basic, kennysheep_mini_moat, hex_tiny, minmay_surrounded
D:5:      layout_rooms, nzn_wu_jian_contemplation, mainiacjoe_overflow_catwalk,
          okawaru_trees_1, dreamdust_princess_bridge, uniq_ijyb

Skill      XL: |  1  2  3  4  5  6  7 |
---------------+----------------------+-----
Axes           | 2 3 4 5 6 7 |  7.6
Fighting       | 4 5 |  5.0
Dodging        | 1 |  1.0
Throwing       | 1 |  1.1
Armour         | |  3.2
Shields        | |  3.2

Action                     |  1- 3 |  4- 6 |  7- 9 || total
---------------------------+-------+-------+-------++-------
  Melee: War axe           |   132 |   127 |   128 ||   387
         Unarmed           |       |       |    10 ||    10
  Throw: Boomerang         |       |    24 |    14 ||    38
    Use: Scroll            |     5 |       |     7 ||    12
         Potion            |       |     1 |     2 ||     3
 Armour: Scale mail        |    75 |    70 |    64 ||   209
  Dodge: Dodged            |    54 |    52 |    59 ||   165
  Block: Buckler           |    30 |    24 |    26 ||    80

Table legend:
 A = Non-vault XP
 B = Vault XP
 C = Vault XP percentage of total XP
 D = Non-vault monster count
 E = Vault monster count
 F = Vault count percentage of total count
                 A         B        C        D         E       F
            +---------+---------+-------+---------+---------+-------
      Total |    1303 |      94 |   6.7 |     115 |       6 |   5.0
            +---------+---------+-------+---------+---------+-------
        D:1 |      47 |       0 |   0.0 |      28 |       0 |   0.0
        D:2 |      42 |       0 |   0.0 |      18 |       0 |   0.0
        D:3 |      58 |       0 |   0.0 |      19 |       0 |   0.0
        D:4 |     505 |      58 |  10.3 |      28 |       5 |  15.2
        D:5 |     651 |      36 |   5.2 |      22 |       1 |   4.3
            +---------+---------+-------+---------+---------+-------
